 Dungeon Crawl Stone Soup version 0.26.0-11-g8f856b5395 (webtiles) character file.

Game seed: 1639323909857289473

134 Acheron the Grave Robber (level 4, -4/41 HPs)
             Began as a Troll Necromancer on Jan 15, 2021.
             Slain by a river rat (7 damage)
             ... on level 3 of the Dungeon.
             The game lasted 00:05:39 (1017 turns).

Acheron the Grave Robber (Troll Necromancer)        Turns: 1017, Time: 00:05:39

Health: -4/41      AC:  6    Str: 16    XL:     4   Next: 95%
Magic:  5/5        EV: 10    Int: 11    God:
Gold:   82         SH:  0    Dex: 11    Spells: 5/6 levels left

rFire    . . .     SeeInvis .     - Unarmed
rCold    . . .     Faith    .   (no shield)
rNeg     . . .     Spirit   .   a - +0 robe
rPois    .         Reflect  .   (helmet restricted)
rElec    .         Harm     .   (no cloak)
rCorr    .         Rampage  .   (gloves unavailable)
Will     .....                  (boots unavailable)
Stlth    ++........             (no amulet)
HPRegen  0.53/turn              (no ring)
MPRegen  0.09/turn              (no ring)

@: berserk cooldown, slowed, very slow
A: large, unfitting armour, claws 3, regeneration 1, shaggy fur 1, tough skin 3
a: no special abilities


You were on level 3 of the Dungeon.
You visited 1 branch of the dungeon, and saw 4 of its levels.

You collected 82 gold pieces.

Inventory:

Hand Weapons
 e - a +1 vorpal hunting sling
 j - a +2 dagger of holy wrath
Missiles
 d - 35 sling bullets
 h - 47 stones
 n - 2 boomerangs
Armour
 a - a +0 robe (worn)
Scrolls
 b - a scroll of noise {unknown}
 g - 2 scrolls of teleportation {unknown}
 l - 3 scrolls of identify {unknown}
 m - 2 scrolls of amnesia {unknown}
 p - a scroll of blinking {unknown}
 q - 3 scrolls of fear {unknown}
Potions
 c - a potion of resistance {unknown}
 f - a potion of invisibility {unknown}
 k - a potion of haste {unknown}
 o - a potion of lignification {unknown}


   Skills:
 * Level 1.1 Fighting
 * Level 2.3 Dodging
 * Level 1.3 Stealth
 * Level 2.4 Unarmed Combat
 * Level 1.5 Spellcasting
 + Level 3.6 Necromancy


You had 5 spell levels left.
You knew the following spells:

 Your Spells              Type           Power        Failure   Level
a - Pain                  Necr           32%          7%          1

Your spell library contained the following spells:

 Spells                   Type           Power        Failure   Level
 Animate Skeleton         Necr           16%          7%          1
 Vampiric Draining        Necr           4%           22%         3
 Animate Dead             Necr           4%           56%         4
 Confusing Touch          Hex            0%           67%         3
 Gell's Gravitas          Tloc           0%           67%         3
 Agony                    Necr           8%           89%         5
 Petrify                  Tmut/Erth      0%           97%         4
 Metabolic Englaciation   Hex/Ice        0%           100%        5
 Yara's Violent Unravell  Hex/Tmut       0%           100%        5


Dungeon Overview and Level Annotations

Branches:
Dungeon (4/15)
 Temple: D:4-7

Altars:
Elyvilon
Wu Jian
Xom

Portals:
Sewer: D:3

Annotations:
D:3 exclusion: downstairs
D:4 Sigmund


Innate Abilities, Weirdness & Mutations

You are too large for most types of armour.
You have claws for hands.
Your natural rate of healing is unusually fast.
You are covered in fur. (AC +1)
You have extremely tough skin. (AC +3)


Message History

The river rat is severely wounded.
The river rat bites you but does no damage.
You barely miss the river rat.
The river rat is severely wounded.
You are no longer berserk.
You are exhausted.
You feel yourself slow down.
You scratch the river rat but do no damage.
The river rat is severely wounded.
The river rat closely misses you. The river rat bites you.
* * * LOW HITPOINT WARNING * * *
You closely miss the river rat.
The river rat is severely wounded.
The river rat bites you!
* * * LOW HITPOINT WARNING * * *
Unknown command.
You scratch the river rat.
The river rat is almost dead.
The river rat bites you!
You die...

#....##
#####†##..#
#.........#
#.≈≈......#
#≈≈..≈....#
#≈≈≈≈≈...(#
####'≈≈...#
#≈≈†#≈≈..##
#≈@r+≈.≈.#
#≈≈≈#≈≈≈.#
##########


You could see a river rat.

Vanquished Creatures
  An orc priest (D:3)
  4 river rats (D:3)
  2 adders (D:3)
  A worm (D:2)
  3 dart slugs
  4 orcs (D:3)
  A ball python (D:3)
  A bat (D:3)
  3 giant cockroaches
  2 goblins
  6 hobgoblins
  3 jackals (D:2)
  3 frilled lizards (D:2)
  3 kobolds
  A rat (D:3)
38 creatures vanquished.

Notes
Turn   | Place    | Note
-------+----------+-------------------------------------------
     0 | D:1      | Acheron the Troll Necromancer began the quest for the Orb.
     0 | D:1      | Reached XP level 1. HP: 16/16 MP: 1/1
   165 | D:1      | Reached XP level 2. HP: 18/24 MP: 2/2
   426 | D:4      | Noticed Sigmund
   426 | D:4      | Noticed an orc warrior
   473 | D:2      | Reached skill level 1 in Unarmed Combat
   476 | D:2      | Reached XP level 3. HP: 29/32 MP: 4/4
   484 | D:2      | Found a white marble altar of Elyvilon.
   516 | D:2      | Found an ornate altar of the Wu Jian Council.
   521 | D:2      | Noticed a spectral centipede
   521 | D:2      | Noticed a spectral black mamba
   521 | D:2      | Noticed a spectral cane toad
   825 | D:3      | Reached XP level 4. HP: 40/40 MP: 5/5
   844 | D:3      | Found a shimmering altar of Xom.
   900 | D:3      | Reached skill level 1 in Fighting
   983 | D:3      | Found a glowing drain.
  1016 | D:3      | HP: 2/41 [river rat (7)]
  1017 | D:3      | Slain by a river rat

Illustrated notes

Levels and vault maps discovered:
D:1:      evilmike_arrival_home_sweet_home, layout_basic
D:2:      layout_loops_cross, pdpol_wu_jian_five_deadly_venoms,
          chequers_ecumenical_altar_grove, st_stairs_9, elyvilon_altar_4,
          uniq_jessica, uniq_robin
D:3:      layout_loops_ring, overflow_temple_1_default, portal_sewer_entry_e,
          st_stairs_2, minmay_strange_pillars
D:4:      layout_cave_pools, enter_ossuary_4, minmay_checkerbox, uniq_eustachio,
          uniq_sigmund, uniq_grinder

Skill      XL: |  1  2  3  4 |
---------------+-------------+-----
Unarmed Combat | 1 2 |  2.4
Dodging        | 2 |  2.3
Fighting       | 1 |  1.1
Stealth        | |  1.3
Spellcasting   | |  1.5
Necromancy     | |  3.6

Action                   |  1- 3 |  4- 6 || total
-------------------------+-------+-------++-------
Melee: Unarmed           |   107 |    60 ||   167
       Punch             |     1 |       ||     1
  Use: Potion            |       |     1 ||     1
 Stab: Sleeping          |     1 |       ||     1
Armor: Robe              |    38 |    24 ||    62
Dodge: Dodged            |    68 |    31 ||    99
